AoeStats
← 鬼火少年

Highland

504198353Analyzed
4v4 RM · 29d ago on Sep 4, 2026· 14m 23s· 8 players
Game mode
Random Map
Map size
Large (8 player)
Population
200
Speed
Normal
Resources
Standard
Victory
Conquest
Starting age
Dark Age
Ending age
Imperial Age
RankedLock teamsTeams togetherTeam positionsShared explorationLock speedFull tech treeHidden civsTurbo modeCheats
Victory
Defeat
🇨🇳 Saracens · China
1580
+13
🇨🇿 Huns · Czechia
1519
+16
🇮🇳 Dravidians · India
1489
+17
1445
+20
🇩🇪 Portuguese · Germany
1575
-19
🇨🇦 Lithuanians · Canada
1513
-16
🇨🇳 Mongols · China
1507
-16
🇩🇪 Ethiopians · Germany
1481
-15
Matzeking
Kempinho
第一滴血
championqc82
Viper
8:44 Loom
11:05 Feudal Age
11:41 Double-Bit Axe
12:44 Horse Collar
Czech_Airwave
电脑人-偷家鸡鸡短三寸-
鬼火少年
0:49 Loom
11:42 Feudal Age
15:21 Castle Age
14:00 Double-Bit Axe
Connection lost

Rejoining the realm…

Still unreachable

The connection could not be restored.

Session expired

The server has moved on; the page needs a fresh start.